 Dungeon Crawl Stone Soup version 0.26-a0-739-gf55cbd344a (webtiles) character file.

Game seed: 14125277975933529902

3476 marklar909 the Ruffian (level 9, -6/78 HPs)
             Began as a Pale Draconian Transmuter on Nov 6, 2020.
             Was a Follower of Qazlal.
             Mangled by an eight-headed hydra (12 damage)
             ... on level 10 of the Dungeon.
             The game lasted 00:14:09 (12056 turns).

marklar909 the Ruffian (Pale Draconian Transmuter) Turns: 12056, Time: 00:14:10

Health: -6/78      AC:  2    Str: 15    XL:     9   Next: 79%
Magic:  11/13      EV: 24    Int: 14    God:    Qazlal [*.....]
Gold:   393        SH:  2    Dex: 17    Spells: 4/13 levels left

rFire    + . .     SeeInvis .     - Unarmed
rCold    . . .     Faith    .   (shield currently unavailable)
rNeg     . . .     Spirit   .   (armour unavailable)
rPois    x         Reflect  .   (helmet currently unavailable)
rElec    .         Harm     .   (cloak currently unavailable)
rCorr    .         Rampage  .   (gloves currently unavailable)
MR       .....                  (boots currently unavailable)
Stlth    ++........             (no amulet)
HPRegen  0.23/turn              i - ring of wizardry
MPRegen  0.13/turn              m - ring of protection from fire

@: about to teleport, spider-form (expiring)
A: tiny, (breathe steam), unfitting armour, AC +7
a: End Transformation, Renounce Religion


You were on level 10 of the Dungeon.
You worshipped Qazlal.
Qazlal was aware of your devotion.
You were a venomous arachnid creature.
You visited 2 branches of the dungeon, and saw 11 of its levels.

You collected 393 gold pieces.

Inventory:

Armour
 h - a +1 pair of gloves (melded)
 o - a +0 cloak (melded)
Jewellery
 i - a ring of wizardry (left front leg)
 m - a ring of protection from fire (right front leg)
Wands
 g - a wand of flame (18)
 k - a wand of iceblast (14)
 q - a wand of random effects (25)
 x - a wand of paralysis (11)
Scrolls
 a - 2 scrolls of immolation
 b - 2 scrolls of fear
 e - 12 scrolls of identify
 j - 2 scrolls of amnesia
 p - 6 scrolls of remove curse
 u - a scroll of blinking
 y - a scroll of enchant weapon
Potions
 d - 4 potions of haste
 f - 4 potions of curing
 l - a potion of heal wounds {unknown}
 n - a potion of mutation {unknown}
 r - a potion of flight {unknown}
 s - 2 potions of brilliance
 t - a potion of cancellation {unknown}
 v - 3 potions of lignification
 w - 2 potions of attraction
 z - a potion of might {unknown}


   Skills:
 * Level 6.4 Fighting
 * Level 6.1 Dodging
 + Level 2.4 Stealth
 + Level 7.7 Unarmed Combat
 + Level 2.9 Spellcasting
 + Level 7.0 Transmutations
 + Level 0.1 Ice Magic
 + Level 3.2 Poison Magic


You had 4 spell levels left.
You knew the following spells:

 Your Spells              Type           Power        Failure   Level
b - Wereblood             Tmut           ###.....     3%          2
c - Spider Form           Tmut/Pois      ###.......   9%          3
d - Ice Form              Ice/Tmut       ##......     34%         4

Your spell library contained the following spells:

 Spells                   Type           Power        Failure   Level
 Beastly Appendage        Tmut           ###...       2%          1
 Blade Hands              Tmut           ###.......   26%         5


Dungeon Overview and Level Annotations

Branches:
Dungeon (10/15)            Temple (1/1) D:5             Orc (0/2) D:9
   Lair: D:8-11

Altars:
Ashenzari
Cheibriados
Dithmenos
Elyvilon
Fedhas
Gozag
Hepliaklqana
Kikubaaqudgha
Makhleb
Nemelex Xobeh
Okawaru
Qazlal
Ru
Sif Muna
Trog
Uskayaw
Vehumet
Wu Jian
Xom
Yredelemnul
Zin
The Shining One

Shops:
D:4 =:?}   D:6 [


Innate Abilities, Weirdness & Mutations

((You can breathe blasts of scalding, opaque steam.))
((Your pale cyan-grey scales are hard. (AC +7)))
You cannot fit into any form of body armour.
((You are cold-blooded and may be slowed by cold attacks.))


Message History

There is a stone staircase leading up here.
As you read the scroll of teleportation, it crumbles to dust.
You feel strangely unstable.
Your transformation is almost over.
The eight-headed hydra bites you!
* * * LOW HITPOINT WARNING * * *
The eight-headed hydra misses you. x2; The eight-headed hydra bites you!
* * * LOW HITPOINT WARNING * * *
The eight-headed hydra bites you.
* * * LOW HITPOINT WARNING * * *
The eight-headed hydra barely misses you.
The eight-headed hydra bites you.
* * * LOW HITPOINT WARNING * * *
The eight-headed hydra completely misses you.
You open the door.
The eight-headed hydra completely misses you. x2
The eight-headed hydra closely misses you.
The eight-headed hydra completely misses you.
The eight-headed hydra bites you!
You die...

#..........#
#..........#
+..........#
#.....T....#
#......#T####
#......#<...#
#......#....#
........#.§D.#
........#>.s##
..###+#####'#
.. ..# ...#
....# .....#
...)..#
.#.?####


You could see an eight-headed hydra and a troll.

Vanquished Creatures
  Maurice (D:8)
  Grinder (D:3)
  A steam dragon (D:7)
  A black bear (D:8)
  2 ice beasts
  3 orc warriors
  3 ogres
  A sky beast (D:8)
  A hornet zombie (D:6)
  3 centaurs
  A bullfrog (D:8)
  A gnoll sergeant (D:9)
  2 scorpions
  A wyvern skeleton (D:8)
  4 killer bees (D:9)
  A water moccasin skeleton (D:9)
  A centaur zombie (D:9)
  4 hounds
  A quasit (D:7)
  2 bullfrog skeletons (D:4)
  A bullfrog zombie (D:6)
  6 orc priests
  4 iguanas
  7 orc wizards
  3 worker ants
  A hound zombie (D:9)
  3 gnolls (D:9)
  7 adders
  A shadow imp (D:6)
  2 white imps
  An ooze (D:6)
  An adder skeleton (D:4)
  2 worms
  7 dart slugs
  6 leopard geckos
  29 orcs
  5 bats
  2 giant cockroaches
  5 goblins
  12 hobgoblins
  6 jackals
  7 kobolds
  4 quokkas
  2 ball pythons
  7 frilled lizards
  A giant cockroach zombie (D:5)
  A leopard gecko skeleton (D:5)
  A leopard gecko zombie (D:6)
  10 rats
179 creatures vanquished.

Notes
Turn   | Place    | Note
-------+----------+-------------------------------------------
     0 | D:1      | marklar909 the Draconian Transmuter began the quest for the
                  | Orb.
     0 | D:1      | Reached XP level 1. HP: 16/16 MP: 3/3
   108 | D:1      | Reached XP level 2. HP: 14/23 MP: 3/5
   241 | D:1      | Learned a level 2 spell: Wereblood
   526 | D:1      | Reached XP level 3. HP: 21/28 MP: 4/6
   872 | D:1      | Learned a level 3 spell: Spider Form
  1271 | D:2      | Reached XP level 4. HP: 32/35 MP: 4/7
  2865 | D:3      | Reached XP level 5. HP: 41/41 MP: 4/8
  3059 | D:3      | Noticed Grinder
  3068 | D:3      | Paralysed by Grinder for 3 turns
  3083 | D:3      | Killed Grinder
  3083 | D:3      | Reached XP level 6. HP: 14/50 MP: 3/9
  3875 | D:4      | Found Silloene's Book Boutique.
  3907 | D:4      | Found Immosish's Magic Scroll Emporium.
  3909 | D:4      | Found Osuckauzogh's Jewellery Shop.
  3919 | D:4      | Reached skill level 1 in Poison Magic
  3950 | D:4      | Reached skill level 1 in Stealth
  4040 | D:3      | Your scales start taking on a pale cyan-grey colour.
  4040 | D:3      | Reached XP level 7. HP: 13/57 MP: 8/10
  4734 | D:4      | Reached skill level 5 in Transmutations
  5266 | D:4      | Found Onniozah's Gadget Emporium.
  5370 | D:4      | Found a blossoming altar of Fedhas.
  5521 | D:5      | Entered Level 5 of the Dungeon
  5626 | D:5      | Reached skill level 5 in Unarmed Combat
  6206 | D:5      | Learned a level 4 spell: Ice Form
  6533 | D:5      | Found a staircase to the Ecumenical Temple.
  7035 | Temple   | Entered the Ecumenical Temple
  7227 | Temple   | Became a worshipper of Qazlal Stormbringer
  7494 | D:6      | Reached XP level 8. HP: 66/66 MP: 8/11
  7799 | D:6      | Found Gyast's Armour Shoppe.
  8793 | D:7      | Found a basalt altar of Yredelemnul.
  8842 | D:7      | Found a bloodstained altar of Trog.
  8917 | D:7      | You fall into a shaft and drop 1 floor!
  9412 | D:7      | Reached skill level 5 in Fighting
  9489 | D:8      | Reached XP level 9. HP: 20/74 MP: 4/12
  9821 | D:8      | Reached skill level 5 in Dodging
  9825 | D:8      | Reached * piety under Qazlal
 10369 | D:8      | Noticed Maurice
 10382 | D:8      | Killed Maurice
 10426 | D:8      | HP: 3/75 [poisoned by Maurice]
 10434 | D:8      | HP: 3/75 [poisoned by Maurice]
 11061 | D:9      | Found a snail-covered altar of Cheibriados.
 11649 | D:9      | Found a staircase to the Orcish Mines.
 11665 | D:9      | Found a shadowy altar of Dithmenos.
 11982 | D:9      | Found a shimmering altar of Xom.
 12043 | D:10     | Entered Level 10 of the Dungeon
 12045 | D:10     | Noticed a troll
 12047 | D:10     | Noticed an eight-headed hydra
 12056 | D:10     | Mangled by an eight-headed hydra

Illustrated notes

Levels and vault maps discovered:
D:1:      grunt_arrival_lava_bath, layout_basic
D:2:      layout_basic
D:3:      layout_basic, chequers_serial_rivers_micro_d, serial_bayou_pond_c,
          uniq_grinder
D:4:      layout_rooms, fedhas_altar_fruit_tree, serial_shops, shop_scrolls,
          nicolae_shop_stone, shop, nicolae_shop_statue_plus
D:5:      layout_loops_ring, minmay_temple_entry_enclosed_plants, sigmund_army
D:6:      layout_rooms, serial_shops, nicolae_shop_trees, serial_curves,
          eino_curves_02, eino_curves_02, minmay_pentangle
D:7:      layout_rooms, overflow_temple_1_default, trog_book
D:8:      layout_basic, st_stairs_9, uniq_maurice
D:9:      layout_roguey, xom_teletrap_fun, nicolae_overflow_crystal_walls,
          nicolae_dithmenos_through_a_glass_darkly
D:10:     layout_gridville, tgw_kikubaaqudgha
Temple:   dpeg_five_rooms_temple

Skill      XL: |  1  2  3  4  5  6  7  8  9 |
---------------+----------------------------+-----
Dodging        | 2 3 4 6 |  6.1
Transmutations | 3 4 5 6 7 |  7.0
Fighting       | 2 3 4 5 6 |  6.4
Unarmed Combat | 4 5 6 7 |  7.7
Poison Magic   | 1 2 3 |  3.2
Stealth        | 1 2 |  2.4
Spellcasting   | |  2.9
Ice Magic      | |  0.1

Action                   |  1- 3 |  4- 6 |  7- 9 || total
-------------------------+-------+-------+-------++-------
Melee: Unarmed           |    76 |   160 |   365 ||   601
       Kick              |    13 |    27 |     6 ||    46
       Headbutt          |     7 |    11 |     6 ||    24
       Tailslap          |    10 |    11 |    12 ||    33
       Punch             |       |     1 |     1 ||     2
 Cast: Beastly Appendage |    17 |    23 |     5 ||    45
       Wereblood         |     4 |    14 |    18 ||    36
       Spider Form       |       |     6 |    43 ||    49
       Ice Form          |       |       |     2 ||     2
 Abil: Breathe Steam     |       |       |     9 ||     9
  Use: Scroll            |       |     5 |    14 ||    19
       Potion            |       |     1 |     1 ||     2
 Stab: Distracted        |     1 |       |       ||     1
       Sleeping          |       |     1 |     1 ||     2
Armor: Skin              |    23 |    55 |    64 ||   142
Dodge: Dodged            |    33 |    88 |   349 ||   470
Block: Other             |       |       |     7 ||     7

Table legend: (Time is in decaauts)
 A = Elapsed time spent in this place.
 B = Non-inter-level travel time spent in this place.
 C = Inter-level travel time spent in this place.
 D = Time resting spent in this place.
 E = Time spent auto-exploring this place.
 F = Levels seen in this place.
 G = Mean time per level.
                   A        B        C        D        E       F      G
               +--------+--------+--------+--------+--------+-----+--------+
         Total |  12029 |  11507 |    522 |   3153 |   6915 |  11 | 1093.5 |
       Dungeon |  11786 |  11318 |    468 |   3153 |   6727 |  10 | 1178.6 |
        Temple |    242 |    189 |     53 |      0 |    188 |   1 |  242.0 |
               +--------+--------+--------+--------+--------+-----+--------+

Top non-repeatable levels by time:
     D:3: 2084 daAuts
     D:5: 1534 daAuts
     D:6: 1484 daAuts
     D:8: 1465 daAuts
     D:2: 1400 daAuts
     D:1: 1087 daAuts
     D:4: 955 daAuts
     D:7: 895 daAuts
     D:9: 866 daAuts
  Temple: 242 daAuts
    D:10: 12 daAuts
